AoeStats
← =NAD=

Arabia

507034634Analyzed
1v1 RM · 15d ago on Sep 16, 2026· 64m 54s· 2 players
Game mode
Random Map
Map size
Tiny (2 player)
Population
200
Speed
Normal
Resources
Standard
Victory
Conquest
Starting age
Dark Age
Ending age
Imperial Age
RankedLock teamsTeams togetherTeam positionsShared explorationLock speedFull tech treeHidden civsTurbo modeCheats
Victory
Defeat
🇩🇪 Persians · Germany
1063
+15
🇦🇷 Shu · Argentina
1036
-32
=NAD=
8:18 Loom
10:25 Feudal Age
16:30 Castle Age
15:09 Double-Bit Axe
15:05 Horse Collar
15:44 Fletching
23:31 Ballistics
24:08 Bodkin Arrow
25:22 Thumb Ring
26:32 Pikeman
27:16 Scale Mail Armor
27:56 Bow Saw
27:49 Heavy Plow
29:43 Squires
30:51 Gold Mining
32:21 Wheelbarrow
31:40 Stone Mining
31:42 Gambesons
32:31 Forging
32:20 Crossbowman
33:26 Padded Archer Armor
33:35 Padded Archer Armor
39:06 Imperial Age
37:37 Murder Holes
38:52 Town Watch
39:23 Hand Cart
39:12 Arbalester
40:00 Bracer
41:05 Chemistry
40:32 Chain Mail Armor
39:42 Halberdier
44:36 Two-Man Saw
44:17 Town Patrol
44:33 Leather Archer Armor
48:24 Masonry
48:48 Ring Archer Armor
48:48 Plate Mail Armor
50:48 Light Cavalry
53:07 Husbandry
55:44 Scale Barding Armor
56:18 Elite Skirmisher
LuxusLuchs
7:46 Loom
10:03 Feudal Age
14:46 Castle Age
13:10 Double-Bit Axe
14:19 Horse Collar
19:41 Heavy Plow
20:58 Wheelbarrow
21:21 Scale Barding Armor
22:05 Forging
22:45 Bloodlines
22:53 Husbandry
24:34 Chain Barding Armor
30:58 Ballistics
33:22 Imperial Age
31:02 Gold Mining
32:11 Masonry
34:55 Chemistry
34:53 Plate Barding Armor
34:53 Iron Casting
33:51 Cavalier
35:07 Conscription
35:17 Kamandaran
38:41 Hand Cart
38:13 Crossbowman
38:56 Savar
40:07 Town Watch
40:39 Bow Saw
41:56 Heavy Scorpion
43:27 Fletching
43:38 Padded Archer Armor
44:38 Blast Furnace
44:42 Architecture
49:07 Two-Man Saw
48:54 Crop Rotation
50:12 Bodkin Arrow
50:33 Leather Archer Armor
60:25 Capped Ram
61:51 Siege Ram
63:18 Light Cavalry
Connection lost

Rejoining the realm…

Still unreachable

The connection could not be restored.

Session expired

The server has moved on; the page needs a fresh start.